 Dungeon Crawl Stone Soup version 0.24.1-8-ga250c9d538 (webtiles) character file.

Game seed: 11405025913639296559, levelgen mode: deterministic

5310 Peloso the Blocker (level 10, -16/82 (83) HPs)
             Began as a Gnoll Fighter on May 5, 2020.
             Was a Priest of Okawaru.
             Demolished by Harold
             ... wielding a +0 dire flail
              (28 damage)
             ... on level 8 of the Dungeon.
             The game lasted 00:14:06 (7789 turns).

Peloso the Blocker (Gnoll Fighter)                  Turns: 7789, Time: 00:14:06

HP:   -16/82 (83)   AC: 18    Str: 23    XL:     10   Next: 64%
MP:   19/19         EV:  9    Int: 10    God:    Okawaru [***...]
Gold: 382           SH: 12    Dex: 14    Spells: 21/21 levels left

rFire    . . .     SeeInvis +   a - +0 long sword
rCold    . . .     Gourm    .   c - +0 shield
rNeg     . . .     Faith    .   r - +0 plate armour
rPois    .         Spirit   .   d - +0 helmet
rElec    .         Reflect  .   g - +0 cloak
rCorr    .         Harm     .   (no gloves)
MR       .....                  j - +0 pair of boots
Stlth    ..........             (no amulet)
HPRegen  0.23/turn              (no ring)
MPRegen  0.16/turn              m - ring of see invisible

@: marked
A: distributed training, fangs 1, strong nose
a: Heroism, Renounce Religion


You were on level 8 of the Dungeon.
You worshipped Okawaru.
Okawaru was most pleased with you.
You were not hungry.

You visited 2 branches of the dungeon, and saw 9 of its levels.

You collected 382 gold pieces.

Inventory:

Hand Weapons
 a - a +0 long sword (weapon)
 C - a +0 short sword of flaming
Armour
 c - a +0 shield (worn)
 d - a +0 helmet (worn)
 g - a +0 cloak (worn)
 j - a +0 pair of boots (worn)
 r - a +0 plate armour (worn)
Jewellery
 m - a ring of see invisible (right hand)
 x - an uncursed ring of wizardry {unknown}
Wands
 b - a wand of paralysis (8)
 l - a wand of flame (16)
 y - a wand of iceblast (5)
 E - a wand of disintegration (10)
Scrolls
 e - 2 scrolls of remove curse
 h - 2 scrolls of fear {unknown}
 i - 4 scrolls of identify
 n - 3 scrolls of enchant armour {unknown}
 o - a scroll of magic mapping {unknown}
 p - 3 scrolls of enchant weapon {unknown}
 s - 4 scrolls of teleportation {unknown}
 w - a scroll of holy word {unknown}
 B - a scroll of noise {unknown}
Potions
 k - 2 potions of flight
 q - a potion of might
 t - a potion of berserk rage
 u - a potion of brilliance
 v - 2 potions of curing
 z - a potion of degeneration {unknown}
 A - a potion of magic {unknown}
Comestibles
 f - 12 rations


   Skills:
 + Level 9.0 Fighting
 + Level 6.0 Short Blades
 + Level 7.6 Long Blades
 + Level 6.0 Axes
 + Level 6.0 Maces & Flails
 + Level 6.0 Polearms
 + Level 6.0 Staves
 + Level 6.0 Slings
 + Level 6.0 Bows
 + Level 6.0 Crossbows
 + Level 6.0 Throwing
 + Level 9.0 Armour
 + Level 6.0 Dodging
 + Level 6.0 Stealth
 + Level 9.0 Shields
 + Level 6.0 Unarmed Combat
 + Level 6.0 Spellcasting
 + Level 5.0 Conjurations
 + Level 5.0 Hexes
 + Level 5.0 Charms
 + Level 5.0 Summonings
 + Level 5.0 Necromancy
 + Level 5.0 Translocations
 + Level 5.0 Transmutations
 + Level 5.0 Fire Magic
 + Level 5.0 Ice Magic
 + Level 5.0 Air Magic
 + Level 5.0 Earth Magic
 + Level 5.0 Poison Magic
 + Level 6.6 Invocations
 + Level 6.0 Evocations


You had 21 spell levels left.
You didn't know any spells.
Your spell library was empty.

Dungeon Overview and Level Annotations

Branches:
Dungeon (8/15)             Temple (1/1) D:5
   Lair: D:8-11

Altars:
Ashenzari
Dithmenos
Elyvilon
Fedhas
Hepliaklqana
Kikubaaqudgha
Makhleb
Nemelex Xobeh
Okawaru
Ru
Sif Muna
Uskayaw
Wu Jian
Xom
Yredelemnul
The Shining One

Annotations:
D:5 1 runed translucent door
D:6 3 runed translucent doors, Doot's ghost, weakling DEFE; Saltbearer's ghost, novice HuWz
D:7 1 runed translucent door
D:8 Harold


Innate Abilities, Weirdness & Mutations

Your experience applies equally to all skills.
You have very sharp teeth.
Your uncanny sense of smell can sniff out nearby items.


Message History

The bullfrog hits you but does no damage.
Harold hits you with a +0 dire flail!!
* * * LOW HITPOINT WARNING * * *
Unknown command.
You hit Harold.
Harold is heavily wounded.
The bullfrog hits you but does no damage.
You block Harold's attack. The bullfrog hits you.
* * * LOW HITPOINT WARNING * * *
Unknown command.
You hit Harold but do no damage.
Harold is heavily wounded.
The bullfrog closely misses you. Harold hits you with a +0 dire flail!
* * * LOW HITPOINT WARNING * * *
The bullfrog hits you but does no damage.
You closely miss Harold. Your bite misses Harold.
Harold is heavily wounded.
Harold grumbles, "Just give up already, I want to go home!"
Harold hits you with a +0 dire flail!!
You die...

## #. #. #.##### #.
#....#.....# #. #..@.#.....#
#. #....#.....# #.
#...F#.....# #. #....#.....#
.. . #. #....'..@@.+..... #.
#....####F##..... #.
#...(............ #.
#................ #.
#.................#######.
+##.......................##
...............######........
....#####'#....# #........
......#.....#....# #.....[).


You could see Harold and a bullfrog.

Vanquished Creatures
  A two-headed ogre (D:8)
  Maurice (D:8)
  A hippogriff (D:7)
  Sigmund (D:2)
  A wyvern (D:8)
  5 yaks (D:7)
  Edmund (D:4)
  Duvessa (D:4)
  An orc warrior (D:8)
  A black bear (D:6)
  A sky beast (D:6)
  3 phantoms (D:6)
  A necrophage (D:7)
  4 ogres
  2 centaurs
  A big kobold (D:7)
  2 bullfrogs
  Dowan (D:4)
  A wyvern skeleton (D:8)
  3 wights (D:7)
  3 howler monkeys
  6 crimson imps
  2 bullfrog skeletons (D:5)
  A gnoll shaman (D:4)
  3 orc priests
  2 hounds
  Natasha (thrice) (D:2)
  2 iguanas
  3 orc wizards (D:8)
  4 worker ants
  A howler monkey zombie (D:7)
  5 gnolls (D:4)
  6 adders
  3 shadow imps
  An ooze (D:5)
  An adder zombie (D:7)
  2 adder skeletons (D:6)
  2 dart slugs (D:1)
  4 worms
  4 leopard geckos
  11 orcs
  A giant cockroach (D:5)
  7 goblins
  3 hobgoblins (D:1)
  4 jackals (D:1)
  3 quokkas
  2 ball python skeletons
  6 bats
  3 frilled lizards
  12 kobolds
  5 rats
148 creatures vanquished.

Vanquished Creatures (others)
  A plant (D:5)
1 creature vanquished.

Grand Total: 149 creatures vanquished

Notes
Turn   | Place    | Note
-------+----------+-------------------------------------------
     0 | D:1      | Peloso the Gnoll Fighter began the quest for the Orb.
     0 | D:1      | Reached XP level 1. HP: 23/23 MP: 1/1
    61 | D:1      | Reached XP level 2. HP: 18/29 MP: 2/2
    82 | D:1      | Found a shattered altar of Ashenzari.
   659 | D:1      | Reached XP level 3. HP: 31/35 MP: 3/3
   911 | D:2      | Noticed Natasha
   918 | D:2      | Killed Natasha
   918 | D:2      | Reached skill level 1 in Invocations
   956 | D:2      | Reached skill level 1 in Short Blades
   956 | D:2      | Reached skill level 1 in Axes
   956 | D:2      | Reached skill level 1 in Maces & Flails
   956 | D:2      | Reached skill level 1 in Polearms
   956 | D:2      | Reached skill level 1 in Staves
   956 | D:2      | Reached skill level 1 in Slings
   956 | D:2      | Reached skill level 1 in Bows
   956 | D:2      | Reached skill level 1 in Crossbows
   956 | D:2      | Reached skill level 1 in Throwing
   956 | D:2      | Reached skill level 1 in Dodging
   956 | D:2      | Reached skill level 1 in Stealth
   956 | D:2      | Reached skill level 1 in Unarmed Combat
   956 | D:2      | Reached skill level 1 in Spellcasting
   956 | D:2      | Reached skill level 1 in Evocations
   998 | D:2      | Reached XP level 4. HP: 21/41 MP: 5/5
  1333 | D:2      | Noticed Sigmund
  1363 | D:2      | Killed Sigmund
  1363 | D:2      | Reached skill level 1 in Conjurations
  1363 | D:2      | Reached skill level 1 in Hexes
  1363 | D:2      | Reached skill level 1 in Charms
  1363 | D:2      | Reached skill level 1 in Summonings
  1363 | D:2      | Reached skill level 1 in Necromancy
  1363 | D:2      | Reached skill level 1 in Translocations
  1363 | D:2      | Reached skill level 1 in Transmutations
  1363 | D:2      | Reached skill level 1 in Fire Magic
  1363 | D:2      | Reached skill level 1 in Ice Magic
  1363 | D:2      | Reached skill level 1 in Air Magic
  1363 | D:2      | Reached skill level 1 in Earth Magic
  1363 | D:2      | Reached skill level 1 in Poison Magic
  1363 | D:2      | Reached XP level 5. HP: 47/47 MP: 5/7
  1442 | D:2      | Reached XP level 6. HP: 53/53 MP: 8/8
  1684 | D:2      | Noticed Natasha
  1690 | D:2      | Killed Natasha
  2083 | D:2      | Noticed Natasha
  2098 | D:2      | Killed Natasha
  2709 | D:3      | Reached skill level 5 in Long Blades
  3283 | D:4      | Reached skill level 5 in Invocations
  3283 | D:4      | Reached XP level 7. HP: 62/62 MP: 9/14
  3291 | D:4      | Noticed Edmund
  3314 | D:4      | Killed Edmund
  3666 | D:4      | Reached XP level 8. HP: 50/68 MP: 15/15
  3852 | D:4      | Noticed Dowan
  3861 | D:4      | Noticed Duvessa
  3877 | D:4      | Killed Duvessa
  3902 | D:4      | Killed Dowan
  4372 | D:5      | Entered Level 5 of the Dungeon
  4407 | D:6      | Reached skill level 5 in Short Blades
  4407 | D:6      | Reached skill level 5 in Axes
  4407 | D:6      | Reached skill level 5 in Maces & Flails
  4407 | D:6      | Reached skill level 5 in Polearms
  4407 | D:6      | Reached skill level 5 in Staves
  4407 | D:6      | Reached skill level 5 in Slings
  4407 | D:6      | Reached skill level 5 in Bows
  4407 | D:6      | Reached skill level 5 in Crossbows
  4407 | D:6      | Reached skill level 5 in Throwing
  4407 | D:6      | Reached skill level 5 in Dodging
  4407 | D:6      | Reached skill level 5 in Stealth
  4407 | D:6      | Reached skill level 5 in Unarmed Combat
  4407 | D:6      | Reached skill level 5 in Spellcasting
  4407 | D:6      | Reached skill level 5 in Evocations
  4724 | D:5      | Found a staircase to the Ecumenical Temple.
  4738 | Temple   | Entered the Ecumenical Temple
  4833 | Temple   | Became a worshipper of Warmaster Okawaru
  5032 | D:5      | Found a sacrificial altar of Ru.
  5072 | D:5      | Reached XP level 9. HP: 56/75 MP: 16/16
  5096 | D:5      | Found a shadowy altar of Dithmenos.
  5230 | D:5      | Found a runed translucent door.
  5236 | D:5      | Found a basalt altar of Yredelemnul.
  5605 | D:6      | Reached * piety under Okawaru
  5814 | D:6      | Found a runed translucent gate.
  5814 | D:6      | Found a runed translucent gate.
  5817 | D:6      | Found a runed translucent gate.
  5817 | D:6      | Noticed Saltbearer's ghost (novice HuWz)
  5817 | D:6      | Noticed Doot's ghost (weakling DEFE)
  6021 | D:7      | Found a shattered altar of Ashenzari.
  6176 | D:7      | Found a hazy altar of Hepliaklqana.
  6200 | D:7      | Found an ancient bone altar of Kikubaaqudgha.
  6222 | D:7      | Reached ** piety under Okawaru
  6252 | D:7      | Reached XP level 10. HP: 53/81 MP: 18/18
  6422 | D:7      | Found a shimmering blue altar of Sif Muna.
  6678 | D:7      | Found a runed translucent door.
  6825 | D:8      | Reached *** piety under Okawaru
  6877 | D:8      | Noticed Maurice
  6889 | D:8      | Killed Maurice
  7097 | D:8      | Found a shimmering altar of Xom.
  7195 | D:8      | Noticed a two-headed ogre
  7221 | D:8      | Killed a two-headed ogre
  7704 | D:8      | Reached skill level 5 in Conjurations
  7704 | D:8      | Reached skill level 5 in Hexes
  7704 | D:8      | Reached skill level 5 in Charms
  7704 | D:8      | Reached skill level 5 in Summonings
  7704 | D:8      | Reached skill level 5 in Necromancy
  7704 | D:8      | Reached skill level 5 in Translocations
  7704 | D:8      | Reached skill level 5 in Transmutations
  7704 | D:8      | Reached skill level 5 in Fire Magic
  7704 | D:8      | Reached skill level 5 in Ice Magic
  7704 | D:8      | Reached skill level 5 in Air Magic
  7704 | D:8      | Reached skill level 5 in Earth Magic
  7704 | D:8      | Reached skill level 5 in Poison Magic
  7767 | D:8      | Noticed Harold
  7789 | D:8      | Demolished by Harold

Levels and vault maps discovered:
D:1:      minmay_arrival_shattered_statue, layout_loops_corners,
          nicolae_ashenzari_panopticon
D:2:      layout_basic, uniq_sigmund, uniq_natasha
D:3:      layout_basic
D:4:      layout_basic, uniq_edmund, uniq_duvessa
D:5:      minmay_inner_zag, layout_rooms, general_overflow_altar,
          overflow_temple_1_default, minmay_temple_entry_steel_oval,
          first_ration, serial_bayou_ford_a, grunt_decor_one_mirror,
          dk_yredelemnul_ordeal
D:6:      layout_rooms, gammafunk_ghost_cemetery
D:7:      layout_loops_cross, kennysheep_little_box, old_standard_altar,
          lemuel_coloured_pillars_altar, kennysheep_mini,
          lightli_church_of_beogh
D:8:      layout_gridville, xom_teletrap_fun, abandoned_shop, uniq_maurice,
          uniq_harold
Temple:   dpeg_chambers_temple

Skill      XL: |  1  2  3  4  5  6  7  8  9 10 |
---------------+-------------------------------+-----
Invocations    | 1 5 6 |  6.6
Short Blades   | 1 4 5 6 |  6.0
Axes           | 1 4 5 6 |  6.0
Maces & Flails | 1 4 5 6 |  6.0
Polearms       | 1 4 5 6 |  6.0
Staves         | 1 4 5 6 |  6.0
Slings         | 1 4 5 6 |  6.0
Bows           | 1 4 5 6 |  6.0
Crossbows      | 1 4 5 6 |  6.0
Throwing       | 1 4 5 6 |  6.0
Dodging        | 1 4 5 6 |  6.0
Stealth        | 1 4 5 6 |  6.0
Unarmed Combat | 1 4 5 6 |  6.0
Spellcasting   | 1 4 5 6 |  6.0
Evocations     | 1 4 5 6 |  6.0
Conjurations   | 1 4 5 |  5.0
Hexes          | 1 4 5 |  5.0
Charms         | 1 4 5 |  5.0
Summonings     | 1 4 5 |  5.0
Necromancy     | 1 4 5 |  5.0
Translocations | 1 4 5 |  5.0
Transmutations | 1 4 5 |  5.0
Fire Magic     | 1 4 5 |  5.0
Ice Magic      | 1 4 5 |  5.0
Air Magic      | 1 4 5 |  5.0
Earth Magic    | 1 4 5 |  5.0
Poison Magic   | 1 4 5 |  5.0
Long Blades    | 6 7 |  7.6
Fighting       | 8 9 |  9.0
Armour         | 8 9 |  9.0
Shields        | 8 9 |  9.0

Action                   |  1- 3 |  4- 6 |  7- 9 | 10-12 || total
-------------------------+-------+-------+-------+-------++-------
Melee: Long sword        |    74 |   101 |   384 |   192 ||   751
       Bite              |     8 |    13 |    62 |    33 ||   116
Invok: Heroism           |       |       |       |     2 ||     2
Evoke: Wand              |       |       |       |     4 ||     4
  Use: Potion            |       |     5 |     1 |       ||     6
       Scroll            |       |     2 |     2 |       ||     4
 Stab: Invisible         |       |       |     3 |       ||     3
  Eat: Chunk             |       |     6 |    12 |     5 ||    23
Armor: Scale mail        |    29 |    33 |    23 |       ||    85
       Chain mail        |       |       |    92 |    43 ||   135
       Plate armour      |       |       |       |    35 ||    35
Dodge: Dodged            |    22 |    28 |   145 |    65 ||   260
Block: Shield            |    43 |    51 |   205 |   129 ||   428
       Rpst.: Long sword |    11 |     8 |    34 |    18 ||    71
